 Dungeon Crawl Stone Soup version 0.30-a0-799-g109b55a442 (webtiles) character file.

Game seed: 11555882708781494251

682 bande the Chopper (level 7, 0/44 HPs)
             Began as a Gargoyle Fighter on Feb 21, 2023.
             Slain by an ogre
             ... wielding a +0 giant club
              (13 damage)
             ... on level 5 of the Dungeon.
             The game lasted 00:05:32 (4384 turns).

bande the Chopper (Gargoyle Fighter)                Turns: 4384, Time: 00:05:32

Health: 0/44       AC: 20    Str: 19    XL:     7   Next: 61%
Magic:  7/7        EV:  7    Int:  9    God:
Gold:   184        SH:  4    Dex: 11    Spells: 6/6 levels left

rFire   . . .      SeeInvis .    a - +0 war axe
rCold   . . .      Faith    .    c - +0 buckler
rNeg    + . .      Spirit   .    i - +0 chain mail
rPois   ∞          Reflect  .    o - +2 helmet
rElec   +          Harm     .    p - +0 cloak {rCorr}
rCorr   +          Rampage  .    (no gloves)
Will    .....                    h - +0 pair of boots Stlth
                                 (no amulet)
HPRegen 0.27/turn                (no ring)
MPRegen 0.10/turn                (no ring)

@: no status effects
A: sickness immunity, AC +4, negative energy resistance 1, electricity
resistance, torment resistance 1, petrification resistance
a: no special abilities


You were on level 5 of the Dungeon.
You visited 2 branches of the dungeon, and saw 6 of its levels.

You collected 184 gold pieces.

Inventory:

Hand Weapons
 a - a +0 war axe (weapon)
 g - a +0 war axe
 j - a +0 mace of holy wrath
Armour
 c - a +0 buckler (worn)
 h - a +0 pair of boots (worn)
 i - a +0 chain mail (worn)
 o - a +2 helmet (worn)
 p - a +0 cloak of preservation (worn)
Scrolls
 b - 2 scrolls of fog
 q - a scroll of teleportation {unknown}
Potions
 d - 2 potions of might
 e - 3 potions of heal wounds
 f - a potion of cancellation
 k - a potion of berserk rage
 l - a potion of mutation {unknown}
 m - a potion of lignification {unknown}
 n - 2 potions of curing {unknown}
 r - a potion of haste {unknown}


   Skills:
 + Level 4.8 Fighting
 + Level 5.4 Axes
 + Level 5.4 Armour
 - Level 0.2 Stealth
 + Level 4.2 Shields


You had 6 spell levels left.
You didn't know any spells.
Your spell library was empty.

Dungeon Overview and Level Annotations

Branches:
Dungeon (5/15)             Temple (1/1) D:4

Altars:
Ashenzari
Cheibriados
Dithmenos
Fedhas
Gozag
Hepliaklqana
Kikubaaqudgha
Qazlal
Ru
Trog
Vehumet
Wu Jian
Xom
Yredelemnul
Zin
The Shining One


Innate Abilities, Weirdness & Mutations

You are immune to sickness and miasma.
Your stone body is resilient. (AC +4)
You are immune to poison.
You resist negative energy. (rN+)
You are resistant to electric shocks. (rElec)
You are resistant to unholy torment.
You are immune to petrification.


Message History

The shadow imp hits you but does no damage.
You slash the shadow imp!
You kill the shadow imp!
No target in view!
No target in view!
No target in view!
No target in view!
No target in view!
Found a dagger.
You see here a +0 dagger.
You open the door.
An ogre comes into view. It is wielding a +0 giant club.
There is an open door here.
You barely miss the ogre. You block the ogre's attack.
You hit the ogre.
The ogre is lightly wounded.
The ogre barely misses you.
You barely miss the ogre.
The ogre is lightly wounded.
The ogre hits you with a +0 giant club.
You barely miss the ogre.
The ogre is lightly wounded.
The ogre hits you with a +0 giant club!!
Ouch! That really hurt!
You are too injured to fight recklessly!
You are too injured to fight recklessly!
You are too injured to fight recklessly!
You are too injured to fight recklessly!
You are too injured to fight recklessly!
You are too injured to fight recklessly!
You are too injured to fight recklessly!
You are too injured to fight recklessly!
You slash the ogre!
The ogre is heavily wounded.
The ogre hits you with a +0 giant club!
* * * LOW HITPOINT WARNING * * *
You barely miss the ogre.
The ogre is heavily wounded.
The ogre hits you with a +0 giant club!
You die...

#...# ###.#
####.# #..).#
#.#### #. #.#
....##'#########
#...'...........
#...#...@.......
#.. #....O......
#. #...........
# #...........
#########... ..
.


You could see an ogre.

Vanquished Creatures
  Grinder (D:4)
  Sigmund (D:3)
  A centaur (D:4)
  Jessica (D:2)
  Crazy Yiuf (D:3)
  Ijyb (D:3)
  Terence (D:2)
  5 adders
  A shadow imp (D:5)
  An ufetubus (D:4)
  2 worms (D:2)
  A dart slug (D:1)
  4 orcs (D:3)
  2 endoplasms
  4 giant cockroaches
  6 goblins
  5 hobgoblins
  12 jackals
  2 quokkas
  4 ball pythons
  7 bats
  A frilled lizard (D:3)
  7 kobolds
  5 rats
76 creatures vanquished.

Vanquished Creatures (others)
  7 fungi (D:2)
  42 plants (D:1)
49 creatures vanquished.

Grand Total: 125 creatures vanquished

Notes
Turn   | Place    | Note
-------+----------+-------------------------------------------
     0 | D:1      | bande the Gargoyle Fighter began the quest for the Orb.
     0 | D:1      | Reached XP level 1. HP: 14/14 MP: 1/1
   122 | D:1      | Reached XP level 2. HP: 19/19 MP: 2/2
   371 | D:1      | Found a faded altar of an unknown god.
   374 | D:1      | Reached XP level 3. HP: 21/24 MP: 3/3
   808 | D:2      | Noticed Jessica
   822 | D:2      | Killed Jessica
   823 | D:2      | Reached XP level 4. HP: 21/29 MP: 4/4
  1014 | D:2      | Found a glowing golden altar of the Shining One.
  1447 | D:2      | Noticed Terence
  1459 | D:2      | Killed Terence
  1602 | D:2      | Reached XP level 5. HP: 33/33 MP: 5/5
  1845 | D:3      | Noticed Ijyb
  1861 | D:3      | Killed Ijyb
  2060 | D:3      | Noticed Sigmund
  2081 | D:3      | Killed Sigmund
  2082 | D:3      | Reached XP level 6. HP: 15/39 MP: 6/6
  3031 | D:3      | Found a runed translucent door.
  3032 | D:3      | Noticed Crazy Yiuf
  3146 | D:3      | Killed Crazy Yiuf
  3254 | D:4      | Reached skill level 5 in Armour
  3264 | D:4      | Found a staircase to the Ecumenical Temple.
  3287 | Temple   | Entered the Ecumenical Temple
  3440 | D:4      | Reached XP level 7. HP: 18/44 MP: 7/7
  3899 | D:4      | Noticed Grinder
  3921 | D:4      | Paralysed by Grinder for 3 turns
  3941 | D:4      | Killed Grinder
  3942 | D:4      | Reached skill level 5 in Axes
  4358 | D:5      | Entered Level 5 of the Dungeon
  4384 | D:5      | Slain by an ogre

Illustrated notes

Levels and vault maps discovered:
D:1:      roderic_crop_circles_arrival_small, layout_loops_ring,
          ebering_ecumenical_altar_abandoned
D:2:      layout_basic, basic_altar, dreamdust_mushroom_princess, uniq_terence,
          uniq_jessica
D:3:      layout_basic, uniq_crazy_yiuf_cottage, uniq_sigmund, uniq_ijyb
D:4:      layout_basic, minmay_temple_entry_junction_2, uniq_grinder
D:5:      layout_basic, minmay_manual_mail
Temple:   lightli_temple_of_artemis

Skill      XL: |  1  2  3  4  5  6  7 |
---------------+----------------------+-----
Axes           | 2 3 4 5 |  5.4
Armour         | 4 5 |  5.4
Fighting       | 4 |  4.8
Shields        | 4 |  4.2
Stealth        | |  0.2

Action                     |  1- 3 |  4- 6 |  7- 9 || total
---------------------------+-------+-------+-------++-------
  Melee: War axe           |   100 |   134 |    37 ||   271
    Use: Scroll            |     3 |     6 |       ||     9
 Armour: Scale mail        |    17 |       |       ||    17
         Chain mail        |    58 |    94 |    24 ||   176
  Dodge: Dodged            |    52 |    52 |    15 ||   119
  Block: Buckler           |    29 |    28 |     9 ||    66

Table legend: (Time is in decaauts)
 A = Elapsed time spent in this place.
 B = Non-inter-level travel time spent in this place.
 C = Inter-level travel time spent in this place.
 D = Time resting spent in this place.
 E = Time spent auto-exploring this place.
 F = Levels seen in this place.
 G = Mean time per level.
                   A        B        C        D        E       F      G
               +--------+--------+--------+--------+--------+-----+--------+
         Total |   4485 |   4458 |     27 |   1036 |   2586 |   6 |  747.5 |
       Dungeon |   4368 |   4341 |     27 |   1036 |   2521 |   5 |  873.6 |
        Temple |    117 |    117 |      0 |      0 |     65 |   1 |  117.0 |
               +--------+--------+--------+--------+--------+-----+--------+

Top non-repeatable levels by time:
     D:3: 1546 daAuts
     D:4: 1080 daAuts
     D:2: 899 daAuts
     D:1: 813 daAuts
  Temple: 117 daAuts
     D:5: 28 daAuts
